Map: Pride of Altaris LE

Players

Pumba - Winner!

  • Race: Protoss Protoss
  • League: Master
  • Spawn Location: 5:00

You

  • Race: Protoss Protoss
  • League: Master
  • Spawn Location: 11:00

VOD

Have the link to the VOD?

Description

Time

  • Played on: April 5, 2022, 6:25 p.m.
  • Length: 5:05
Show
View Real Time Build Order
Export as new Build Order

Pumba Protoss - Winner!

Build Orders:  

Get SALT Encoding   

  12  0:00  Probe  
  13  0:13  Probe  
  14  0:17  Pylon  
  14  0:25  Probe  
  15  0:37  Probe (Chrono Boost)  
  15  0:40  Gateway  
  16  0:47  Probe (Chrono Boost), Assimilator  
  17  0:52  Probe (Chrono Boost)  
  17  0:55  Assimilator  
  18  1:04  Probe  
  19  1:16  Probe  
  19  1:18  Gateway  
  20  1:27  Cybernetics Core  
  20  1:28  Probe (Chrono Boost)  
  21  1:38  Probe (Chrono Boost)  
  22  1:44  Probe  
  23  2:02  Warp Gate (Chrono Boost), Pylon  
  23  2:20  Probe  
  23  2:21  Stalker x2  
  23  2:22  Robotics Facility  
  28  2:25  Gateway  
  28  2:30  Pylon  
  28  2:44  Shield Battery  
  28  2:51  Stalker  
  30  2:53  Stalker  
  32  3:10  Warp Prism (Chrono Boost)  
  32  3:16  Stalker  
  36  3:25  Pylon  
  36  3:46  Stalker x2  
  40  3:57  Immortal (Chrono Boost)  
  42  4:21  Stalker x2  
  46  4:25  Pylon  
  44  4:38  Stalker  
Show
View Real Time Build Order
Export as new Build Order

You Protoss 

Build Orders: 1 Gate Expand 

Get SALT Encoding   

  12  0:00  Probe  
  13  0:12  Probe  
  14  0:22  Pylon  
  14  0:24  Probe  
  15  0:40  Probe (Chrono Boost)  
  16  0:45  Gateway  
  16  0:52  Probe (Chrono Boost), Assimilator  
  17  0:59  Probe (Chrono Boost)  
  18  1:04  Assimilator  
  18  1:06  Probe  
  18  1:19  Probe  
  19  1:31  Nexus  
  19  1:42  Cybernetics Core  
  19  1:45  Probe  
  20  1:57  Probe (Chrono Boost)  
  21  2:08  Pylon  
  21  2:10  Probe (Chrono Boost)  
  22  2:16  Probe (Chrono Boost)  
  23  2:25  Warp Gate  
  23  2:26  Probe, Stalker  
  26  2:30  Robotics Facility  
  26  2:38  Probe  
  26  2:43  Shield Battery  
  27  2:46  Probe  
  27  2:50  Probe  
  29  2:56  Stalker  
  30  3:00  Probe  
  31  3:06  Probe  
  31  3:12  Probe  
  33  3:18  Probe  
  34  3:24  Immortal (Chrono Boost), Probe  
  39  3:32  Stalker  
  39  3:43  Probe  
  40  3:55  Probe  
  41  4:00  Shield Battery  
  45  4:06  Pylon  
  44  4:12  Shield Battery, Immortal (Chrono Boost)  
  45  4:38  Pylon  
Tags
 
Add a new tag
Caveats
  • Supply blocks, unpowered buildings, or Contaminate may cause inaccurate times.
  • Supply counts are checked every 10 seconds.